 Dungeon Crawl Stone Soup version 0.28-a0-1312-g71652a0310 (webtiles) character file.

Game seed: 9508251002928472161

184 funkygono the Firebug (level 5, -13/38 HPs)
             Began as a Draconian Fire Elementalist on Dec 27, 2021.
             Mangled by Edmund (15 damage)
             ... on level 4 of the Dungeon.
             The game lasted 00:05:22 (3018 turns).

funkygono the Firebug (Draconian Fire Elementalist) Turns: 3018, Time: 00:05:22

Health: -13/38     AC:  6    Str: 10    XL:     5   Next: 36%
Magic:  2/9        EV: 12    Int: 18    God:
Gold:   83         SH:  0    Dex: 11    Spells: 3/10 levels left

rFire   . . .      SeeInvis .   b - +0 dagger
rCold   . . .      Faith    .   (no shield)
rNeg    . . .      Spirit   .   (armour unavailable)
rPois   .          Reflect  .   (helmet restricted)
rElec   .          Harm     .   (no cloak)
rCorr   .          Rampage  .   f - +0 pair of gloves
Will    .....                   (no boots)
Stlth   ++........              (no amulet)
HPRegen 0.12/turn               (no ring)
MPRegen 0.11/turn               (no ring)

@: attractive
A: AC +5, unfitting armour, cold-blooded
a: no special abilities


You were on level 4 of the Dungeon.
You visited 1 branch of the dungeon, and saw 4 of its levels.

You collected 83 gold pieces.

Inventory:

Hand Weapons
 b - a +0 dagger (weapon)
 d - a +0 whip
Missiles
 e - 10 stones
Armour
 f - a +0 pair of gloves (worn)
Scrolls
 g - a scroll of identify
Potions
 a - 2 potions of flight
 h - a potion of resistance {unknown}


   Skills:
 + Level 1.8 Dodging
 - Level 1.7 Stealth
 * Level 3.3 Spellcasting
 * Level 2.2 Conjurations
 * Level 4.6 Fire Magic
 * Level 1.0 Air Magic


You had 3 spell levels left.
You knew the following spells:

 Your Spells              Type           Power      Damage    Failure   Level
a - Foxfire               Conj/Fire      60%        2x1d7     3%          1
b - Scorch                Fire           38%        2d7       3%          2
j - Shock                 Conj/Air       32%        1d5       9%          1
k - Swiftness             Air            6%         N/A       30%         3

Your spell library contained the following spells:

 Spells                   Type           Power      Damage    Failure   Level
 Conjure Flame            Conj/Fire      15%        6-21      12%         3
 Inner Flame              Hex/Fire       11%        N/A       19%         3
 Flame Wave               Conj/Fire      15%        2d5       36%         4
 Airstrike                Air            3%         N/A       71%         4


Dungeon Overview and Level Annotations

Branches:
Dungeon (4/15)
 Temple: D:4-7

Altars:
Fedhas

Annotations:
D:3 2 transporters, p0werm0de's ghost, weakling MiCK
D:4 Edmund


Innate Abilities, Weirdness & Mutations

Your plain brown scales are hard. (AC +5)
You cannot fit into any form of body armour.
You are cold-blooded and may be slowed by cold attacks.


Message History

You conjure some foxfire!
The foxfire hits Edmund.
Edmund resists.
Edmund is moderately wounded.
The foxfire hits Edmund.
Edmund resists.
Edmund is heavily wounded.
Casting: Foxfire (safe; 3% risk of failure)
Confirm with . or Enter, or press ? or * to list all spells.
You conjure some foxfire!
The foxfire hits Edmund.
Edmund resists.
Edmund is heavily wounded.
The foxfire hits Edmund.
Edmund resists.
Edmund is heavily wounded.
Edmund hits you with a +3 vorpal dire flail!
Casting: Foxfire (safe; 3% risk of failure)
Confirm with . or Enter, or press ? or * to list all spells.
Flames lash Edmund.
Edmund resists.
Edmund is heavily wounded.
Edmund's fire resistance burns away.
The foxfire hits Edmund.
Edmund is heavily wounded.
The foxfire hits Edmund.
Edmund is heavily wounded.
Edmund hits you with a +3 vorpal dire flail.
Casting: Scorch (safe; 3% risk of failure)
Confirm with . or Enter, or press ? or * to list all spells.
You conjure some foxfire!
Edmund hits you with a +3 vorpal dire flail!
* * * LOW HITPOINT WARNING * * *
x2
Casting: Foxfire (safe; 3% risk of failure)
Confirm with . or Enter, or press ? or * to list all spells.
You conjure some foxfire!
Edmund is no longer more vulnerable to fire.
The foxfire hits Edmund.
Edmund resists.
Edmund is severely wounded.
The foxfire hits Edmund.
Edmund resists.
Edmund is severely wounded.
Edmund barely misses you.
The foxfire hits Edmund but does no damage.
Edmund is severely wounded.
It was a potion of attraction.
You feel attractive to monsters.
Edmund hits you with a +3 vorpal dire flail!
You die...

#.....#...## .
#..........## .
#...........# ..
#...........# ..
............# ...
#..........#
######... ##
...#...#.####........
.^
##.###....#...<....
#.##@@#
####........†.
#....## ##.........
###..v# ##.>....).
##...# #........
....# #........
....... #........
.......#. #........
###...... .#
#######.. ........ #
..


You could see Edmund.

Vanquished Creatures
  Menkaure (D:4)
  3 adders
  A dart slug (D:2)
  7 ball pythons
  4 bats
  3 endoplasms
  A giant cockroach (D:3)
  3 goblins (D:1)
  7 hobgoblins
  3 quokkas
  5 frilled lizards
  3 kobolds (D:1)
  4 rats
45 creatures vanquished.

Vanquished Creatures (others)
  134 foxfires
134 creatures vanquished.

Grand Total: 179 creatures vanquished

Notes
Turn   | Place    | Note
-------+----------+-------------------------------------------
     0 | D:1      | funkygono the Draconian Fire Elementalist began the quest
                  | for the Orb.
     0 | D:1      | Reached XP level 1. HP: 14/14 MP: 3/3
   167 | D:1      | Reached XP level 2. HP: 20/20 MP: 3/5
   170 | D:1      | Learned a level 2 spell: Scorch
   201 | D:1      | You fall into a shaft and drop 1 floor!
   432 | D:2      | Found a blossoming altar of Fedhas.
   562 | D:1      | Reached XP level 3. HP: 26/26 MP: 2/6
  1240 | D:2      | Learned a level 1 spell: Shock
  1244 | D:2      | Learned a level 3 spell: Swiftness
  1473 | D:2      | Reached skill level 4 in Fire Magic
  2204 | D:3      | Found a transporter.
  2206 | D:3      | Noticed p0werm0de's ghost (weakling MiCK)
  2207 | D:3      | Found a transporter.
  2813 | D:4      | Reached XP level 4. HP: 33/33 MP: 5/8
  2861 | D:4      | Noticed Menkaure
  2868 | D:4      | Killed Menkaure
  2869 | D:4      | Reached skill level 1 in Air Magic
  2869 | D:4      | Reached XP level 5. HP: 13/38 MP: 2/9
  3010 | D:4      | Noticed Edmund
  3015 | D:4      | HP: 1/38 [Edmund (3)]
  3018 | D:4      | Mangled by Edmund

Illustrated notes

Levels and vault maps discovered:
D:1:      psy_arrival_statuary, layout_rooms
D:2:      layout_basic, basic_altar, interstate_on_off, nrook_campfire
D:3:      layout_loops_corners, gammafunk_ghost_mausoleum, serial_aquarium,
          aquarium_bridge_square [aquarium_subvault_bridge,
          aquarium_subvault_wall, aquarium_subvault_bridge,
          aquarium_subvault_window], aquarium_bridge_square
          [aquarium_subvault_bridge, aquarium_subvault_bridge,
          aquarium_subvault_window, aquarium_subvault_wall], aquarium_window_1,
          aquarium_window_1, aquarium_window_fake, aquarium_window_2,
          aquarium_view_2e, aquarium_pool_1
D:4:      layout_rooms, uniq_edmund, uniq_menkaure

Skill      XL: |  1  2  3  4 |
---------------+-------------+-----
Fire Magic     | 4 |  4.6
Spellcasting   | 3 |  3.3
Conjurations   | 2 |  2.2
Air Magic      | 1 |  1.0
Dodging        | |  1.8
Stealth        | |  1.7

Action                   |  1- 3 |  4- 6 || total
-------------------------+-------+-------++-------
Melee: Dagger            |     3 |       ||     3
 Cast: Foxfire           |    67 |    11 ||    78
       Scorch            |     9 |     1 ||    10
       Shock             |     2 |       ||     2
  Use: Scroll            |     3 |       ||     3
       Potion            |       |     1 ||     1
Armor: Skin              |     7 |       ||     7
Dodge: Dodged            |     9 |     1 ||    10

Table legend: (Time is in decaauts)
 A = Elapsed time spent in this place.
 B = Non-inter-level travel time spent in this place.
 C = Inter-level travel time spent in this place.
 D = Time resting spent in this place.
 E = Time spent auto-exploring this place.
 F = Levels seen in this place.
 G = Mean time per level.
                   A        B        C        D        E       F      G
               +--------+--------+--------+--------+--------+-----+--------+
         Total |   3017 |   2957 |     60 |    172 |   2310 |   4 |  754.2 |
       Dungeon |   3017 |   2957 |     60 |    172 |   2310 |   4 |  754.2 |
               +--------+--------+--------+--------+--------+-----+--------+

Top non-repeatable levels by time:
     D:3: 1157 daAuts
     D:2: 904 daAuts
     D:1: 747 daAuts
     D:4: 208 daAuts
